 Dungeon Crawl Stone Soup version 0.30.1-11-g7821555f0a (webtiles) character file.

Game seed: 15509950467900327774

96 porpoise the Shooter (level 4, -9/40 HPs)
             Began as a Minotaur Hunter on Dec 31, 2023.
             Mangled by an iguana (12 damage)
             ... on level 3 of the Dungeon.
             The game lasted 00:04:43 (2321 turns).

porpoise the Shooter (Minotaur Hunter)              Turns: 2321, Time: 00:04:43

Health: -9/40      AC:  7    Str: 16    XL:     4   Next: 41%
Magic:  3/3        EV: 11    Int:  6    God:
Gold:   85         SH:  0    Dex: 15    Spells: 3/3 levels left

rFire   . . .        a - +0 shortbow
rCold   . . .        (shield currently unavailable)
rNeg    . . .        j - +0 ring mail
rPois   .            (helmet restricted)
rElec   .            o - +0 cloak
rCorr   .            (no gloves)
SInv    .            l - +0 pair of boots
Will    .....        (no amulet)
Stlth   +            (no ring)
HPRegen 0.26/turn    (no ring)
MPRegen 0.08/turn

%: no passive effects
@: no status effects
A: horns 2, retaliatory headbutt
a: no special abilities


You were on level 3 of the Dungeon.
You visited 1 branch of the dungeon, and saw 4 of its levels.

You collected 85 gold pieces.

Inventory:

Hand Weapons
 a - a +0 shortbow (weapon)
 b - a +0 war axe
Armour
 j - a +0 ring mail (worn)
 l - a +0 pair of boots (worn)
 o - a +0 cloak (worn)
Scrolls
 e - a scroll of amnesia {unknown}
 g - a scroll of vulnerability {unknown}
 h - a scroll of identify {unknown}
 i - a scroll of blinking {unknown}
 k - a scroll of brand weapon {unknown}
 n - 2 scrolls of enchant weapon {unknown}
 q - 3 scrolls of magic mapping {unknown}
 r - a scroll of immolation
Potions
 c - a potion of invisibility {unknown}
 d - a potion of attraction {unknown}
 f - 2 potions of might {unknown}
 m - a potion of resistance {unknown}
 p - a potion of mutation {unknown}


   Skills:
 + Level 3.7 Fighting
 * Level 5.9 Ranged Weapons
 - Level 2.1 Dodging
 - Level 0.7 Stealth


You had 3 spell levels left.
You didn't know any spells.
Your spell library was empty.

Dungeon Overview and Level Annotations

Branches:
Dungeon (4/15)
 Temple: D:4-7

Altars:
Gozag

Annotations:
D:2 Sigmund
D:3 1 runed translucent door, jagang's ghost, amateur HuMo


Innate Abilities, Weirdness & Mutations

You have a pair of horns on your head.
You reflexively headbutt those who attack you in melee.


Message History

There is a stone staircase leading down, spattered with blood here.
You start resting.
HP restored.
You climb downwards.
You hear the sound of rushing water.
There is an entrance to a sewer on this level.
Hurry and find it before the portal rusts away!
The iguana bites you. The iguana barely misses you. You furiously retaliate!
You headbutt the iguana!
There is a stone staircase leading up, spattered with blood here.
The iguana bites you! The goblin hits you with a +0 dagger.
You climb upwards.
Level annotation: 1 runed translucent door, jagang's ghost, amateur HuMo
There is a stone staircase leading down, spattered with blood here.
You shoot an arrow.
The arrow hits the iguana but does no damage.
The iguana is severely wounded.
The iguana closely misses you. The goblin closely misses you.
You shoot an arrow.
The arrow hits the iguana but does no damage.
The iguana is severely wounded.
The iguana completely misses you. The goblin closely misses you.
You shoot an arrow. The arrow closely misses the iguana.
The iguana misses you. The goblin hits you but does no damage.
The iguana bites you! The goblin closely misses you.
You shoot an arrow. The arrow hits the iguana.
The iguana is severely wounded.
The iguana bites you but does no damage.
The goblin hits you but does no damage.
You shoot an arrow. The arrow closely misses the iguana.
The iguana bites you!
* * * LOW HITPOINT WARNING * * *
The goblin hits you with a +0 dagger.
* * * LOW HITPOINT WARNING * * *
You shoot an arrow. The arrow barely misses the iguana.
The iguana bites you but does no damage.
The goblin barely misses you.
You shoot an arrow. The arrow hits the iguana.
The iguana is severely wounded.
The iguana hisses menacingly.
The iguana bites you!
You die...

#.......##...## #####....#
#.##.##.###.## #.#######
#....##.# #.# #........
#..####.# #.# #..###### #..#
#.###'## #..#### #
#..####.##...## #.....# #
#.......#.....## ##.##.# #
##..#####.......## ##..##.###
##...####....g@l..####.........
##.................'............
#.)................####...##.###
#.##..###.#.......## ##.###)#..
#.###.# #.##.....## ### #.#.#
#.###.# #.###...## ####.#..
#.##..# #.# ##+## #....###
#.##.## #.# #.# #.####..
#.##.####.# ##.####### #.# ###


You could see an iguana and a goblin.

Vanquished Creatures
  An orc wizard (D:3)
  An adder (D:3)
  3 worms (D:3)
  2 dart slugs (D:1)
  3 orcs (D:3)
  3 endoplasms
  A giant cockroach (D:3)
  8 goblins
  4 hobgoblins
  3 jackals (D:1)
  4 kobolds
  A quokka (D:2)
  3 ball pythons
  3 bats (D:3)
  2 frilled lizards
  2 rats
44 creatures vanquished.

Notes
Turn   | Place    | Note
-------+----------+-------------------------------------------
     0 | D:1      | porpoise the Minotaur Hunter began the quest for the Orb.
     0 | D:1      | Reached XP level 1. HP: 18/18 MP: 0/0
   262 | D:1      | Reached XP level 2. HP: 25/25 MP: 1/1
   595 | D:1      | Reached skill level 5 in Ranged Weapons
   978 | D:2      | Found a faded altar of an unknown god.
  1037 | D:2      | Reached XP level 3. HP: 31/31 MP: 2/2
  1142 | D:2      | Noticed Sigmund
  1561 | D:3      | Found a runed translucent door.
  1564 | D:3      | Noticed jagang's ghost (amateur HuMo)
  1624 | D:3      | Found an opulent altar of Gozag.
  1835 | D:3      | Reached XP level 4. HP: 25/40 MP: 3/3
  2321 | D:3      | Mangled by an iguana

Illustrated notes

Levels and vault maps discovered:
D:1:      dpeg_arrival_fog, layout_basic, item_on_display_b
D:2:      layout_basic, serial_shops, shop, shapermc_ecumenical_altar_acropolis,
          uniq_crazy_yiuf_cottage, uniq_natasha, uniq_sigmund
D:3:      layout_loops_corners, nicolae_gozag_cash_rules_everything_around_me,
          ebering_ghost_reflecting_pool
D:4:      layout_basic, fedhas_altar_4, mainiacjoe_overflow_six_doors_small,
          portal_sewer_entry_d, nicolae_shop_firing_range

Skill      XL: |  1  2 |
---------------+-------+-----
Fighting       | 3 |  3.7
Ranged Weapons | 5 |  5.9
Dodging        | |  2.1
Stealth        | |  0.7

Action                     |  1- 3 |  4- 6 || total
---------------------------+-------+-------++-------
   Fire: Shortbow          |   136 |    17 ||   153
 Armour: Leather armour    |     5 |       ||     5
         Ring mail         |    19 |     6 ||    25
  Dodge: Dodged            |    33 |    12 ||    45
